[Event "Early-Titled-Tuesday-Blitz-September-12-2023"]
[Site "Chess.com"]
[Date "2023.09.12"]
[Round "8"]
[White "grzechu96"]
[Black "Casper"]
[Result "1-0"]
[WhiteElo "2652"]
[BlackElo "2436"]
[TimeControl "180+1"]
[EndTime "9:26:42 PDT"]
[Termination "grzechu96 won by resignation"]

1. e4 c5 2. Nf3 d6 3. Bb5+ Bd7 4. Bxd7+ Nxd7 5. O-O Ne5 6. Nxe5 dxe5 7. d3 e6 8.
Be3 Nf6 9. Nd2 Be7 10. Nc4 Nd7 11. a4 O-O 12. Qd2 Qc7 13. f4 exf4 14. Bxf4 e5 15. Bg3 f6 16. Ne3 Rf7 17. Nd5 Qd6 18. a5 Nf8 19. c3 Ne6 20. Rf5 Nc7 21. c4 Nxd5 22. cxd5 Qa6 23. Raf1 Bd8 24. Bxe5 Bxa5 25. Bc3 Bc7 26. e5 Raf8 27. d6 g6 28. R5f3 Bb8 29.
e6 1-0

[Event "Early-Titled-Tuesday-Blitz-September-12-2023"]
[Site "Chess.com"]
[Date "2023.09.12"]
[Round "8"]
[White "NotFischer"]
[Black "S-Fazulyanov"]
[Result "0-1"]
[WhiteElo "2288"]
[BlackElo "2442"]
[TimeControl "180+1"]
[EndTime "9:26:42 PDT"]
[Termination "S-Fazulyanov won by resignation"]

1. e4 c5 2. Nf3 Nc6 3. Bb5 g6 4. Bxc6 dxc6 5. d3 Bg7 6. O-O e5 7. Nbd2 b6 8. b3 Be6 9. Bb2 f6 10. Qe2 Ne7 11. c3 O-O 12. Rad1 Qc7 13. d4 cxd4 14.
cxd4 exd4 15. Nxd4 Bf7 16. Nc4 Rad8 17. f4 Rfe8 18.
Qf3 Nc8 19. Rfe1 c5 20. Nb5 Qc6 21. a4 Rxd1 22. Qxd1 Rxe4 23. Rxe4 Qxe4 24. Nbd6 Nxd6 25. Nxd6 Qe3+ 26. Kh1 Qxb3 27. Qd2 f5 28. Bxg7 Qb1+ 0-1

[Event "Early-Titled-Tuesday-Blitz-September-12-2023"]
[Site "Chess.com"]
[Date "2023.09.12"]
[Round "8"]
[White "kleinebeer98"]
[Black "GianmarcoVaR"]
[Result "0-1"]
[WhiteElo "2817"]
[BlackElo "2648"]
[TimeControl "180+1"]
[EndTime "9:26:43 PDT"]
[Termination "GianmarcoVaR won by resignation"]

1. e4 c5 2. Nf3 d6 3. d4 cxd4 4. Nxd4 Nf6 5. Nc3 a6 6. a3 Nc6 7.
Nxc6 bxc6 8. Bd3 g6 9. O-O Bg7 10. Qe2 O-O 11. e5 dxe5 12. Qxe5 Nd5 13. Qg3 Nxc3 14.
bxc3 Be6 15. Rb1 Rb8 16. Bg5 Rxb1 17. Rxb1 h6 18. Be3 Qa5 19. h4 Qxc3 20. h5 g5 21. Rb6 a5 22. Kh2 Bd5 23. Rb7 e5 24. Bxg5 e4 25. Be7 exd3 26. Bxf8 dxc2 27. Qxc3 Bxc3 28. Bxh6 Bd4 29. Kg3 a4 30. Rb4 Bc3 31. Rxa4 c5 32. Ra7 Bb3 33. Rc7 Be5+ 34. Kf3 Bxc7 35. Ke2 Be5 36. Kd3 Bb2 37. a4 c4+ 38. Ke4 Bxa4 39.
Be3 c1=Q 40. Bxc1 Bxc1 41. g4 c3 42. Kd3 c2 0-1

[Event "Early-Titled-Tuesday-Blitz-September-12-2023"]
[Site "Chess.com"]
[Date "2023.09.12"]
[Round "8"]
[White "surrenderPLS"]
[Black "carloseduar100"]
[Result "1-0"]
[WhiteElo "2482"]
[BlackElo "2291"]
[TimeControl "180+1"]
[EndTime "9:26:45 PDT"]
[Termination "surrenderPLS won by resignation"]

1. e4 e6 2. d4 d5 3. Nc3 Nf6 4. e5 Nfd7 5. f4 c5 6. Nf3 Nc6 7. Be3 Qb6 8. Na4 Qc7 9. Nxc5 Nxd4 10. Nxd4 Bxc5 11. c3 Qb6 12. b4 Bxd4 13. Bxd4 Qd8 14. Bd3 g6 15. h4 h5 16. g4 hxg4 17. Qxg4 Qe7 18. h5 Rxh5 19. Rxh5 gxh5 20. Qxh5 b6 21. a4 Nf8 22. a5 Rb8 23. axb6 axb6 24. Ke2 Bd7 25.
Ra7 Qd8 26. Kd2 Ra8 27. Bxb6 Qb8 28. Rxa8 Qxa8 29. Qg5 Ba4 30. Bc5 Qb7 31. Qg8 Kd7 32. Qxf8 Kc7 33. Qd6+ Kc8 34. Ba6 1-0

[Event "Early-Titled-Tuesday-Blitz-September-12-2023"]
[Site "Chess.com"]
[Date "2023.09.12"]
[Round "8"]
[White "TatjanaVasilevich"]
[Black "KorolDimitriy75"]
[Result "1-0"]
[WhiteElo "2559"]
[BlackElo "2381"]
[TimeControl "180+1"]
[EndTime "9:26:47 PDT"]
[Termination "TatjanaVasilevich won on time"]

1. e4 c5 2. Nf3 d6 3. d4 cxd4 4. Nxd4 Nf6 5. Nc3 g6 6. Bg5 Bg7 7. Qd2 O-O 8. h4 Nc6 9. Nxc6 bxc6 10. h5 Nxh5 11. Bh6 Qa5 12. Bxg7 Kxg7 13. f3 Rb8 14. g4 Nf6 15. O-O-O Be6 16. Bd3 h5 17. gxh5 Nxh5 18. f4 Rxb2 19. Kxb2 1-0

[Event "Early-Titled-Tuesday-Blitz-September-12-2023"]
[Site "Chess.com"]
[Date "2023.09.12"]
[Round "8"]
[White "Ready4abattle"]
[Black "NowInChess"]
[Result "1-0"]
[WhiteElo "2313"]
[BlackElo "2239"]
[TimeControl "180+1"]
[EndTime "9:26:47 PDT"]
[Termination "Ready4abattle won by resignation"]

1. e4 e6 2. d4 d5 3. Nc3 Nc6 4. Bb5 dxe4 5. Bxc6+ bxc6 6. Nxe4 Qd5 7. f3 Ba6 8. Ne2 Nf6 9. N4c3 Qh5 10. O-O Bd6 11. g3 c5 12. Be3 cxd4 13. Bxd4 O-O 14. Rf2 Bb7 15. Qf1 Rfd8 16. Rd1 c5 17. Bxf6 gxf6 18.
Ne4 Bxe4 19. fxe4 Be5 20. c3 Rd3 21. Rxd3 c4 22. Rd1 Rb8 23. Nf4 Qg4 24. Qe2 Qxe2 25. Rxe2 1-0

[Event "Early-Titled-Tuesday-Blitz-September-12-2023"]
[Site "Chess.com"]
[Date "2023.09.12"]
[Round "8"]
[White "Zkid"]
[Black "kingofthenil"]
[Result "0-1"]
[WhiteElo "2877"]
[BlackElo "2766"]
[TimeControl "180+1"]
[EndTime "9:26:49 PDT"]
[Termination "kingofthenil won on time"]

1. e4 Nc6 2. d4 d5 3. Nc3 dxe4 4. d5 Nb8 5. Nxe4 c6 6. c4 e6 7.
Nf3 exd5 8. cxd5 cxd5 9. Nc3 Nf6 10. Bg5 Bb4 11. Bd3 O-O 12. O-O Be6 13. Nd4 Nc6 14. Nxe6 fxe6 15. Re1 e5 16. Re3 e4 17. Bc2 d4 18. Bxf6 Rxf6 19. Rxe4 dxc3 20. Qh5 g6 21. Qb5 Qb6 22. Qc4+ Kh8 23. Rf1 Raf8 24. Kh1 Rxf2 0-1

[Event "Early-Titled-Tuesday-Blitz-September-12-2023"]
[Site "Chess.com"]
[Date "2023.09.12"]
[Round "8"]
[White "Zhigalko_Sergei"]
[Black "Abund"]
[Result "1-0"]
[WhiteElo "2889"]
[BlackElo "2743"]
[TimeControl "180+1"]
[EndTime "9:26:54 PDT"]
[Termination "Zhigalko_Sergei won by resignation"]

1. e4 e5 2. Nf3 Nc6 3. Bc4 Bc5 4. O-O Nf6 5. d3 O-O 6. Nbd2 d6 7. c3 a5 8. h3 Ba7 9. Re1 Be6 10. Bb5 Ne7 11.
Nf1 Ng6 12. Ng3 c6 13. Ba4 h6 14. d4 exd4 15. cxd4 d5 16. e5 Ne4 17. Bc2 Nxg3 18.
fxg3 c5 19. Be3 Rc8 20. Qd2 cxd4 21. Bxd4 Bxd4+ 22. Nxd4 Ne7 23. Kh2 Qb6 24. Rad1 Rfd8 25.
Rf1 Nc6 26. Nxe6 fxe6 27. Qd3 1-0

[Event "Early-Titled-Tuesday-Blitz-September-12-2023"]
[Site "Chess.com"]
[Date "2023.09.12"]
[Round "8"]
[White "Pingah9"]
[Black "jraosam"]
[Result "1-0"]
[WhiteElo "2576"]
[BlackElo "2023"]
[TimeControl "180+1"]
[EndTime "9:26:55 PDT"]
[Termination "Pingah9 won by resignation"]

1. e4 c5 2. Nf3 d6 3. d4 cxd4 4. Nxd4 Nf6 5. Nc3 a6 6. Bg5 e6 7.
f4 Be7 8. Qf3 Qc7 9. O-O-O Nbd7 10. g4 b5 11. Bxf6 Nxf6 12. g5 Nd7 13. h4 b4 14.
Nce2 Nc5 15. Bg2 Bb7 16. Qe3 g6 17. h5 e5 18. hxg6 exd4 19. Qxd4 O-O-O 20. gxh7 b3 21.
Kb1 bxc2+ 22. Kxc2 Nxe4+ 23. Kb1 d5 24. Rc1 Bc5 25.
Bxe4 dxe4 26. Qxc5 1-0

[Event "Early-Titled-Tuesday-Blitz-September-12-2023"]
[Site "Chess.com"]
[Date "2023.09.12"]
[Round "8"]
[White "DefiantChair"]
[Black "Artem_Sadovsky"]
[Result "1-0"]
[WhiteElo "2681"]
[BlackElo "2533"]
[TimeControl "180+1"]
[EndTime "9:26:57 PDT"]
[Termination "DefiantChair won on time"]

1. e4 g6 2. d4 Bg7 3. Nc3 c6 4. f4 d5 5. e5 h5 6. Nf3 Nh6 7. Bd3 Bf5 8. Be3 e6 9. h3 Bxd3 10. Qxd3 Nf5 11. Bf2 h4 12. O-O Bf8 13. b3 Be7 14. Ne2 Nd7 15. c4 Kf8 16. c5 Kg7 17. b4 a5 18. b5 a4 19. Rab1 Ra5 20. Rb2 Qc7 21. Rfb1 a3 22. Rb3 Rha8 23. Be1 Nxc5 24.
dxc5 Bxc5+ 25. Kh1 Rxb5 26. Rxb5 cxb5 27. Nxh4 b6 28. Nxf5+ exf5 29. Qxb5 Ra5 30. Bxa5 bxa5 31. Rc1 Qb6 32. Qxc5 Qxc5 33. Rxc5 a4 34. Ra5 d4 35. Nxd4 1-0

[Event "Early-Titled-Tuesday-Blitz-September-12-2023"]
[Site "Chess.com"]
[Date "2023.09.12"]
[Round "8"]
[White "Egor_Koshulyan"]
[Black "DrDreBeats"]
[Result "1-0"]
[WhiteElo "2740"]
[BlackElo "2539"]
[TimeControl "180+1"]
[EndTime "9:26:58 PDT"]
[Termination "Egor_Koshulyan won by resignation"]

1. e4 d5 2. exd5 Qxd5 3. Nc3 Qa5 4.
d4 Nf6 5. Nf3 Nc6 6. Bb5 Nd5 7.
O-O Nxc3 8. Bxc6+ bxc6 9. bxc3 Qxc3 10. Rb1 Bg4 11. Rb3 Bxf3 12. Rxc3 Bxd1 13. Rxd1 e6 14. Rxc6 Kd7 15. Rc4 Rb8 16. Ra4 Rb7 17. c4 Be7 18. d5 exd5 19. Rxd5+ Bd6 20. g3 Re8 21. Kg2 Re2 22. Bf4 Rbb2 23. c5 Rxf2+ 24. Kh3 Kc6 25. cxd6 Kxd5 26. d7 Rxh2+ 27. Kg4 Ke6 28. d8=Q f5+ 29.
Kg5 1-0

[Event "Early-Titled-Tuesday-Blitz-September-12-2023"]
[Site "Chess.com"]
[Date "2023.09.12"]
[Round "8"]
[White "Lion-Al-Messi"]
[Black "fireheart92"]
[Result "0-1"]
[WhiteElo "2615"]
[BlackElo "2969"]
[TimeControl "180+1"]
[EndTime "9:27:00 PDT"]
[Termination "fireheart92 won by resignation"]

1. e4 c5 2. Nf3 Nc6 3. d4 cxd4 4.
Nxd4 e5 5. Nb5 d6 6. c4 g6 7.
N1c3 a6 8. Na3 Bg7 9. Nc2 Be6 10. Be3 Nf6 11. f3 O-O 12. Qd2 Nh5 13. Rd1 Rc8 14. Qxd6 Nd4 15. Qxd8 Rfxd8 16. Na3 Bf8 17. Ncb1 b5 18.
Bxd4 exd4 19. cxb5 Bb4+ 20. Kf2 d3 21. Bxd3 Bc5+ 22.
Ke1 Bb4+ 23. Kf2 Bc5+ 24. Kf1 Nf4 25. Be2 axb5 26. g3 Bh3+ 27. Ke1 Ng2+ 28. Kf1 Ne3+ 29. Ke1 Nxd1 30. Bxd1 Bg2 0-1

[Event "Early-Titled-Tuesday-Blitz-September-12-2023"]
[Site "Chess.com"]
[Date "2023.09.12"]
[Round "8"]
[White "valemava"]
[Black "ChainedDowntohell"]
[Result "1-0"]
[WhiteElo "2312"]
[BlackElo "2462"]
[TimeControl "180+1"]
[EndTime "9:27:01 PDT"]
[Termination "valemava won by resignation"]

1. c4 b6 2. b4 Bb7 3. Bb2 e6 4.
Nf3 Nf6 5. a3 a5 6. b5 d5 7.
cxd5 exd5 8. e3 Nbd7 9. Be2 Bc5 10. O-O O-O 11. Bxf6 Nxf6 12. d4 Bd6 13. h3 Re8 14.
Nbd2 Qe7 15. Re1 Bxa3 16. Ne5 Bd6 17. f4 Bb4 18. Bf3 Ne4 19. Bxe4 dxe4 20. Re2 Red8 21.
Qc2 f6 22. Nc6 Bxc6 23. Qxc6 Ra7 24. Qxe4 Qxe4 25. Nxe4 Re8 26. Nf2 Bc3 27. Raa2 f5 28. g4 g6 29. Kg2 Kf7 30. Kf3 a4 31. Rec2 Bb4 32. h4 Bd6 33. h5 fxg4+ 34. Nxg4 gxh5 35. Ne5+ Bxe5 36. dxe5 Rd8 37. Ke4 Rd1 38. Rh2 Rb1 39. Rxh5 Rb4+ 40. Kf5 a3 41. Rxh7+ Kg8 42. Rah2 1-0

[Event "Early-Titled-Tuesday-Blitz-September-12-2023"]
[Site "Chess.com"]
[Date "2023.09.12"]
[Round "8"]
[White "chessdjw"]
[Black "vladislavkovalev"]
[Result "0-1"]
[WhiteElo "2756"]
[BlackElo "2899"]
[TimeControl "180+1"]
[EndTime "9:27:04 PDT"]
[Termination "vladislavkovalev won on time"]

1. e4 e5 2. Nf3 Nc6 3. Bc4 Nf6 4. d3 Bc5 5. O-O d6 6. c3 a6 7. a4 h6 8. Re1 O-O 9. h3 Be6 10. Bxe6 fxe6 11. b4 Ba7 12. Nbd2 Nh5 13. Nf1 Nf4 14.
Bxf4 Rxf4 15. Ra2 Ne7 16. g3 Rf7 17. Nh4 Qd7 18. Ne3 Raf8 19. Kg2 g5 20. Qg4 Kh7 21.
d4 exd4 22. cxd4 Bxd4 23. e5 dxe5 24. Qe4+ Kg7 25. Ng4 Qc6 26. Nf3 Qxe4 0-1

[Event "Early-Titled-Tuesday-Blitz-September-12-2023"]
[Site "Chess.com"]
[Date "2023.09.12"]
[Round "8"]
[White "Oleksandr_Bortnyk"]
[Black "Alexandr_Predke"]
[Result "1/2-1/2"]
[WhiteElo "3010"]
[BlackElo "2902"]
[TimeControl "180+1"]
[EndTime "9:27:10 PDT"]
[Termination "Game drawn by repetition"]

1. d4 Nf6 2. Nc3 d5 3. Bf4 e6 4. Nb5 Bb4+ 5. c3 Ba5 6. a4 a6 7. b4 Bb6 8. a5 axb5 9. axb6 Rxa1 10. Qxa1 Na6 11. bxc7 Nxc7 12. e3 O-O 13. Qa5 Nfe8 14. Bxb5 Bd7 15. Bd3 Qb8 16. Nf3 b6 17. Qa2 Qb7 18. O-O Bb5 19. Bxb5 Nxb5 20. c4 dxc4 21. Qxc4 Ned6 22. Qd3 Rc8 23. Bxd6 Nxd6 24. h3 h6 25. Ra1 b5 26. Ne5 Nc4 27. Rc1 Nxe5 28. Rxc8+ Qxc8 29. dxe5 Qc1+ 30. Kh2 Qc4 31. Qd8+ Kh7 32. Qd4 g5 33. Kg3 Qe2 34. Qd8 Qb2 35. Qf6 Kg8 36. Qd8+ Kg7 37.
Qf6+ Kg8 38. Kh2 Qxb4 39. Qxh6 Qe7 40. Qh5 b4 41. Qf3 b3 42. Qa8+ Kg7 43. Qb8 Qa3 44.
Qd8 b2 45. Qxg5+ Kf8 46. Qd8+ Kg7 47. Qg5+ Kf8 48. Qd8+ Kg7 49. Qg5+ 1/2-1/2

[Event "Early-Titled-Tuesday-Blitz-September-12-2023"]
[Site "Chess.com"]
[Date "2023.09.12"]
[Round "8"]
[White "MKlose11"]
[Black "WindWhistler11"]
[Result "1-0"]
[WhiteElo "2626"]
[BlackElo "2487"]
[TimeControl "180+1"]
[EndTime "9:27:10 PDT"]
[Termination "MKlose11 won on time"]

1. e4 e6 2. Nf3 d5 3. e5 c5 4. b4 c4 5. c3 a5 6. b5 Nd7 7. a4 Qc7 8. d4 cxd3 9. Bxd3 Nxe5 10. Nxe5 Qxe5+ 11. Be3 Bc5 12. O-O Bxe3 13. fxe3 Qxe3+ 14.
Kh1 Nf6 15. Rf3 Qc5 16. Nd2 e5 17. Qe2 e4 18. Raf1 Be6 19. Rxf6 gxf6 20. Bxe4 dxe4 21.
Nxe4 Qe7 22. Nxf6+ Kf8 23. Qe5 Rd8 24. Nd5 1-0

[Event "Early-Titled-Tuesday-Blitz-September-12-2023"]
[Site "Chess.com"]
[Date "2023.09.12"]
[Round "8"]
[White "Iskusnyh"]
[Black "Rosh1610"]
[Result "0-1"]
[WhiteElo "2618"]
[BlackElo "2449"]
[TimeControl "180+1"]
[EndTime "9:27:11 PDT"]
[Termination "Rosh1610 won on time"]

1. d4 Nf6 2. c4 e6 3. g3 d5 4. Bg2 dxc4 5. Nf3 c5 6. O-O cxd4 7. Na3 Bxa3 8. bxa3 Nc6 9. Qc2 O-O 10. Qxc4 e5 11. Rb1 Be6 12. Qb5 Bxa2 13. Rb2 Bd5 14. Bg5 a6 15. Qxb7 Rb8 16. Qxb8 Nxb8 17. Rc1 Nc6 18. Rc5 e4 19. Nd2 Re8 20. Rbc2 Qd6 21. Bf4 Qe6 22. e3 Nd7 23. exd4 Nxd4 24. Be3 Nxc2 25. Rxc2 Nf6 26. h3 Rc8 27. Rb2 Rc1+ 28. Kh2 Rc8 29. Rb6 Qe7 30. Rxa6 h5 31. Ra7 Qe6 32. a4 h4 33. Nf1 hxg3+ 34. Nxg3 Qe5 35. Ra5 Nh5 36. Rb5 Nxg3 37. fxg3 Rc2 38. Bf4 Qd4 0-1

[Event "Early-Titled-Tuesday-Blitz-September-12-2023"]
[Site "Chess.com"]
[Date "2023.09.12"]
[Round "8"]
[White "zverr1"]
[Black "ChEsper99"]
[Result "1-0"]
[WhiteElo "2486"]
[BlackElo "2225"]
[TimeControl "180+1"]
[EndTime "9:27:11 PDT"]
[Termination "zverr1 won on time"]

1. e4 c5 2. Nf3 d6 3. d4 cxd4 4. Nxd4 Nf6 5. Nc3 a6 6. Be2 e5 7. Nb3 Be7 8. Be3 Be6 9. O-O O-O 10. Qd2 Qc7 11. Bf3 b5 12. a4 b4 13. Nd5 Bxd5 14.
exd5 a5 15. Rfc1 Nbd7 16. c4 bxc3 17. Rxc3 Qb7 18. Qc2 Rfc8 19. Rc6 e4 20. Bxe4 Nxe4 21. Qxe4 Nf6 22. Qc4 Nxd5 23. Nxa5 Rxc6 24. Qxc6 Qxc6 25.
Nxc6 Bf6 26. Bd4 Bxd4 27. Nxd4 Rb8 28. Nb5 Kf8 29. g3 Ke7 30. Re1+ Kd7 31. Rd1 Kc6 32. Rc1+ Kd7 33. Rc4 Ke6 34. Rc6 1-0

[Event "Early-Titled-Tuesday-Blitz-September-12-2023"]
[Site "Chess.com"]
[Date "2023.09.12"]
[Round "8"]
[White "Rutricks"]
[Black "tetrix83"]
[Result "1-0"]
[WhiteElo "2681"]
[BlackElo "2532"]
[TimeControl "180+1"]
[EndTime "9:27:12 PDT"]
[Termination "Rutricks won on time"]

1. c4 g6 2. Nf3 Bg7 3. g3 Nf6 4. Bg2 O-O 5. O-O d6 6. Nc3 e5 7. b3 Re8 8. Bb2 e4 9. Ne1 Bf5 10. Nc2 Qd7 11. Ne3 Bh3 12. d3 Bxg2 13. Kxg2 exd3 14.
Qxd3 Nc6 15. Qd2 Ne5 16. h3 Rad8 17. f4 Nc6 18. Ned5 Ne7 19. Nxf6+ Bxf6 20. e4 c6 21.
Rad1 Qe6 22. Rfe1 Bg7 23. g4 a6 24. f5 Qf6 25. g5 Qe5 26. Na4 1-0

[Event "Early-Titled-Tuesday-Blitz-September-12-2023"]
[Site "Chess.com"]
[Date "2023.09.12"]
[Round "8"]
[White "Gyulamiryan-koryun"]
[Black "Inepton_Fermion"]
[Result "0-1"]
[WhiteElo "2025"]
[BlackElo "2348"]
[TimeControl "180+1"]
[EndTime "9:27:13 PDT"]
[Termination "Inepton_Fermion won by checkmate"]

1. e4 g6 2. d4 Bg7 3. c3 d5 4. e5 f6 5. f4 Nh6 6. Nf3 Bg4 7. Be2 Nf5 8. O-O O-O 9. h3 Bxf3 10.
Rxf3 fxe5 11. fxe5 e6 12. Na3 c5 13. Nc2 Nc6 14. Bd3 Kh8 15. Bxf5 gxf5 16. Bf4 Rg8 17.
Kh2 cxd4 18. cxd4 Qh4 19. Bg3 Qh5 20. Rb3 Qxd1 21. Rxd1 Na5 22. Rb5 b6 23. b3 Rac8 24.
Nb4 Bh6 25. Nd3 Rc2 26. a3 f4 27. Nxf4 Bxf4 28. Bxf4 Rgxg2+ 29. Kh1 Rgf2 30. Bg3 Rf3 31. Bh4 Rxh3+ 32. Kg1 Rxh4 33. b4 Nc4 34. a4 Ne3 35. Re1 Rg2# 0-1

[Event "Early-Titled-Tuesday-Blitz-September-12-2023"]
[Site "Chess.com"]
[Date "2023.09.12"]
[Round "8"]
[White "OK97"]
[Black "Frolyanov_D"]
[Result "1/2-1/2"]
[WhiteElo "2830"]
[BlackElo "2672"]
[TimeControl "180+1"]
[EndTime "9:27:19 PDT"]
[Termination "Game drawn by agreement"]

1. e4 e5 2. Nf3 Nf6 3. Nxe5 d6 4.
Nf3 Nxe4 5. d3 Nf6 6. d4 g6 7. Bb5+ c6 8. Bd3 Bg7 9. Qe2+ Qe7 10. Qxe7+ Kxe7 11. O-O Rd8 12. a4 Kf8 13. a5 Na6 14. c3 Nc7 15. h3 h6 16. Bf4 g5 17.
Bh2 Ncd5 18. Re1 Nh5 19. Nbd2 Nhf4 20. Bc2 Be6 21. Ne4 Bf5 22. h4 f6 23. Rac1 Bg4 24. c4 Nb4 25. Bxf4 gxf4 26. Bb1 Bxf3 27. gxf3 f5 28.
Nc3 Bxd4 29. Bxf5 Re8 30. Kf1 1/2-1/2

[Event "Early-Titled-Tuesday-Blitz-September-12-2023"]
[Site "Chess.com"]
[Date "2023.09.12"]
[Round "8"]
[White "CraiggoryC"]
[Black "Apocalyps999"]
[Result "0-1"]
[WhiteElo "2225"]
[BlackElo "2312"]
[TimeControl "180+1"]
[EndTime "9:27:19 PDT"]
[Termination "Apocalyps999 won by resignation"]

1. e4 e5 2. Nc3 Nf6 3. g3 d5 4. exd5 Nxd5 5. Bg2 Nxc3 6. bxc3 Nc6 7. Nf3 Bd6 8. O-O O-O 9. Re1 Re8 10. d4 exd4 11. Rxe8+ Qxe8 12. cxd4 Bg4 13. h3 Bxf3 14. Bxf3 Nxd4 15.
Qxd4 Be5 16. Qb4 Bxa1 17. Bf4 Be5 18. Qxb7 Rb8 19. Qxa7 Rb1+ 20. Kg2 Bxf4 21. gxf4 g6 22. Qxc7 Qe1 23. Qc8+ Kg7 24. Bc6 Qh1+ 25. Kg3 Rg1+ 26. Kh4 Qh2 0-1

[Event "Early-Titled-Tuesday-Blitz-September-12-2023"]
[Site "Chess.com"]
[Date "2023.09.12"]
[Round "8"]
[White "Shield12"]
[Black "splendidkid"]
[Result "0-1"]
[WhiteElo "2959"]
[BlackElo "2786"]
[TimeControl "180+1"]
[EndTime "9:27:22 PDT"]
[Termination "splendidkid won by resignation"]

1. b4 Nf6 2. Bb2 g6 3. Nf3 Bg7 4. e3 O-O 5. c4 d6 6. d4 b6 7. Be2 Bb7 8. O-O Nbd7 9. Nc3 c5 10. a3 Ne4 11. Nxe4 Bxe4 12. Nd2 Bb7 13. Bf3 Qc7 14. Rc1 Rfe8 15. Qe2 Rab8 16. Rfd1 h6 17. Nb3 Kh7 18. h3 a6 19. Bxb7 Rxb7 20. e4 Rbb8 21. Qd2 Rbd8 22. Bc3 cxb4 23. Bxb4 a5 24. Bc3 Qxc4 25.
Qb2 Qb5 26. Qa2 Rc8 27. Nd2 Qa4 28. Qxf7 Qxa3 29. Nb1 Qa4 30. f4 Nf6 31. e5 Ne4 32. f5 Nxc3 33. Nxc3 Rxc3 34. fxg6+ Kh8 35. Ra1 Qc6 36.
exd6 exd6 37. Re1 Rf8 38. Qe7 Rc2 39. Re2 Rxe2 40. Qxe2 Bxd4+ 41. Kh2 Bxa1 0-1

[Event "Early-Titled-Tuesday-Blitz-September-12-2023"]
[Site "Chess.com"]
[Date "2023.09.12"]
[Round "8"]
[White "javierfreilemartin"]
[Black "JAN2404"]
[Result "1-0"]
[WhiteElo "2306"]
[BlackElo "2008"]
[TimeControl "180+1"]
[EndTime "9:27:29 PDT"]
[Termination "javierfreilemartin won by checkmate"]

1. c4 f6 2. Nc3 c5 3. Nf3 Nc6 4. e3 e6 5. d4 cxd4 6. exd4 d5 7. c5 Nge7 8. Bb5 Ng6 9. O-O Be7 10. Re1 O-O 11. a3 a6 12. Bd3 a5 13. Rb1 b6 14. b4 axb4 15. axb4 bxc5 16. dxc5 d4 17. Ne4 Nce5 18. Nxe5 Nxe5 19. b5 f5 20. b6 Nxd3 21.
Qxd3 fxe4 22. Qxe4 Rb8 23. Bf4 Bb7 24. Qxe6+ Kh8 25. Bxb8 Qxb8 26. Qxe7 h6 27. Qc7 Qa8 28. Re7 Bxg2 29. Rxg7 Be4 30. b7 Qa2 31. Rf1 Qb2 32. Rg3 Bxb7 33. Qg7# 1-0

[Event "Early-Titled-Tuesday-Blitz-September-12-2023"]
[Site "Chess.com"]
[Date "2023.09.12"]
[Round "8"]
[White "Duhless"]
[Black "ckgchess"]
[Result "1-0"]
[WhiteElo "2984"]
[BlackElo "2867"]
[TimeControl "180+1"]
[EndTime "9:27:30 PDT"]
[Termination "Duhless won on time"]

1. d4 Nf6 2. Nf3 e6 3. Bg5 d5 4. e3 Be7 5. Bd3 h6 6. Bh4 c5 7. c3 Nbd7 8. Nbd2 b6 9. O-O Bb7 10.
Ne5 Nxe5 11. dxe5 Nd7 12. Bxe7 Qxe7 13. f4 O-O 14. Qh5 Rfd8 15. Nf3 d4 16. cxd4 Bxf3 17. Rxf3 cxd4 18. exd4 Nf8 19. Rg3 Kh8 20. Be4 Rac8 21. Rd1 Rc4 22. Qg4 f5 23. exf6 Qxf6 24. h3 Rdxd4 25. Bd3 Rxf4 26. Bxc4 Rxg4 27. Rxg4 Qxb2 28. Rf4 Ng6 29. Rd8+ Kh7 30. Bd3 Qc1+ 31. Rf1 Qe3+ 32. Kh2 h5 33. Rf3 Qe5+ 34. Rg3 1-0

[Event "Early-Titled-Tuesday-Blitz-September-12-2023"]
[Site "Chess.com"]
[Date "2023.09.12"]
[Round "8"]
[White "LUISMIGUELOV"]
[Black "AttilaTurzo"]
[Result "0-1"]
[WhiteElo "2129"]
[BlackElo "2472"]
[TimeControl "180+1"]
[EndTime "9:27:32 PDT"]
[Termination "AttilaTurzo won on time"]

1. d4 Nf6 2. c3 e6 3. Bg5 c5 4.
e3 b6 5. Nf3 Bb7 6. Bd3 h6 7.
Bxf6 Qxf6 8. Nbd2 Qd8 9. O-O Be7 10. Be4 Bxe4 11. Nxe4 d5 12. Ng3 Nd7 13. Qa4 O-O 14. Rad1 Qc7 15. h3 Bd6 16. Ne2 a6 17. Qc2 f5 18.
Qd2 c4 19. Nf4 Rf6 20. g3 b5 21. Nh5 Rf7 22. Nf4 Rf6 23. Nh5 Rf7 24. Nf4 Nf8 25.
Kg2 a5 26. b3 b4 27. Rc1 Rc8 28.
h4 Qb7 29. Qb2 Rfc7 30. bxc4 dxc4 31. Ne2 g5 32. hxg5 hxg5 33. cxb4 g4 34. Ng1 axb4 0-1

[Event "Early-Titled-Tuesday-Blitz-September-12-2023"]
[Site "Chess.com"]
[Date "2023.09.12"]
[Round "8"]
[White "Daniel_Salinas"]
[Black "Ind1anStar"]
[Result "1-0"]
[WhiteElo "2388"]
[BlackElo "2516"]
[TimeControl "180+1"]
[EndTime "9:27:35 PDT"]
[Termination "Daniel_Salinas won by checkmate"]

1. e4 g6 2. d4 Bg7 3. Nc3 d6 4. Be3 Nd7 5. Qd2 a6 6. h4 h6 7.
O-O-O b5 8. h5 g5 9. f4 gxf4 10. Bxf4 Bb7 11. Bd3 Nb6 12. Nf3 c5 13. dxc5 b4 14.
Nd5 Nxd5 15. exd5 dxc5 16. Bc4 Nf6 17. Rhe1 Nxh5 18. d6 e6 19. Bxe6 fxe6 20. Rxe6+ Kf8 21. Re7 Bxf3 22. Rf1 Nf6 23. Rxf3 Qa5 24. b3 Qxa2 25.
Be5 Kg8 26. Bxf6 Qa3+ 27. Kb1 Bxf6 28. Qd5+ Kf8 29. Rxf6# 1-0

[Event "Early-Titled-Tuesday-Blitz-September-12-2023"]
[Site "Chess.com"]
[Date "2023.09.12"]
[Round "8"]
[White "Fandorine"]
[Black "Grandmaster1369"]
[Result "1-0"]
[WhiteElo "2902"]
[BlackElo "2569"]
[TimeControl "180+1"]
[EndTime "9:27:36 PDT"]
[Termination "Fandorine won by resignation"]

1. e4 c5 2. b3 g6 3. Bb2 Nf6 4. f4 Bg7 5. Qf3 O-O 6. e5 Ne8 7. h4 Nc6 8. h5 d5 9. Qg3 Bf5 10. Nf3 Nb4 11. Na3 Bxc2 12. Nxc2 Nxc2+ 13. Kd1 Nxa1 14. hxg6 fxg6 15. Qh3 h6 16. Qe6+ Rf7 17. Qxg6 Qb6 18. e6 Rf6 19. Bxf6 Qxe6 20. Bd3 Nxf6 21.
Ne5 Rd8 22. Bf5 Qxf5 23. Qxf5 Rd6 24. Ke2 Ne4 25. Qc8+ Kh7 26. Rxa1 Bxe5 27. fxe5 Rg6 28. g4 Rg5 29. d3 Nc3+ 30. Kd2 d4 31. Qe6 1-0

[Event "Early-Titled-Tuesday-Blitz-September-12-2023"]
[Site "Chess.com"]
[Date "2023.09.12"]
[Round "8"]
[White "Iunusovnuriddin"]
[Black "MartinMatthiesen"]
[Result "0-1"]
[WhiteElo "2345"]
[BlackElo "2520"]
[TimeControl "180+1"]
[EndTime "9:27:39 PDT"]
[Termination "MartinMatthiesen won by checkmate"]

1. e4 c6 2. Nc3 d5 3. Nf3 Bg4 4. h3 Bxf3 5. Qxf3 e6 6. d4 Nf6 7. a3 dxe4 8. Qe3 Nbd7 9. Nxe4 Be7 10. c4 O-O 11. Bd3 Nxe4 12. Bxe4 Nf6 13. Bc2 Qc7 14. O-O c5 15. dxc5 Bxc5 16. Qc3 Rad8 17. Bg5 Bd4 18. Qb3 Qe5 19. Bh4 Rd7 20. Rfe1 Qc5 21.
Rad1 Rfd8 22. Kf1 Qc7 23. Rd3 Qh2 24. Rg3 Nh5 25. Rg4 Nf4 26. Qg3 Qh1# 0-1

[Event "Early-Titled-Tuesday-Blitz-September-12-2023"]
[Site "Chess.com"]
[Date "2023.09.12"]
[Round "8"]
[White "Rud_Makarian"]
[Black "NicolaiMaxime"]
[Result "1-0"]
[WhiteElo "2954"]
[BlackElo "2561"]
[TimeControl "180+1"]
[EndTime "9:27:40 PDT"]
[Termination "Rud_Makarian won by resignation"]

1. Nf3 Nf6 2. c4 g6 3. g3 Bg7 4. Bg2 O-O 5. O-O d6 6. Nc3 e5 7. d3 Re8 8. Rb1 c6 9. b4 Nbd7 10. b5 Qc7 11. Ba3 d5 12. bxc6 bxc6 13. cxd5 cxd5 14. Nb5 Qa5 15. Qd2 Qa6 16. Rb3 e4 17. Nc7 exf3 18. Bxf3 Qa4 19. Nxa8 Ne5 20. Nc7 Nxf3+ 21.
exf3 Rd8 22. Qb4 Qd7 23. Qe7 Qxe7 24. Bxe7 Rd7 25. Bxf6 Bxf6 26. Rc1 Rd8 27. Nxd5 Bf5 28.
Nxf6+ Kg7 29. Ne4 1-0